 Dungeon Crawl Stone Soup version 0.32-a0-42-ga30500b4d3 (webtiles) character file.

Game seed: 132070689787116786

7217 cforsyth the Fighter (level 11, -10/93 HPs)
             Began as a Djinni Warper on Feb 3, 2024.
             Was a Priest of Uskayaw.
             Mangled by an unseen horror simulacrum (19 damage)
             ... on level 9 of the Dungeon.
             The game lasted 00:26:14 (16298 turns).

cforsyth the Fighter (Djinni Warper)               Turns: 16298, Time: 00:26:15

Health: -10/93     AC:  7    Str: 10    XL:     11   Next: 33%
Gold:   695        EV: 12    Int: 18    God:    Uskayaw [***...] SH:  0 Dex: 14

rFire   + + .        n - +2 dagger (elec)
rCold   x . .        (no shield)
rNeg    . . .        b - +0 leather armour
rPois   ∞            h - +2 hat
rElec   .            (no cloak)
rCorr   .            C - +1 pair of gloves
SInv    .            (boots unavailable)
Will    +....        (no amulet)
Stlth   +            (no ring)
HPRegen 0.35/turn    (no ring)
MPRegen 0.00/turn

%: infuse magic (-11 HP)
@: flying, studying Fighting
A: sickness immunity, fire resistance 2, cold vulnerability 1, float, innate
caster, HP casting, extra vitality 1
a: Renounce Religion, Stomp, Line Pass


You were on level 9 of the Dungeon.
You worshipped Uskayaw.
Uskayaw was noncommittal.
You visited 1 branch of the dungeon, and saw 9 of its levels.
You also visited: Bailey.

You collected 695 gold pieces.

Inventory:

Hand Weapons
 a - a +0 falchion
 n - a +2 dagger of electrocution (weapon)
Missiles
 d - 6 darts of dispersal (quivered)
 l - 8 atropa-tipped darts
 q - 5 throwing nets
 A - 9 curare-tipped darts
 B - 51 poisoned darts
Armour
 b - a +0 leather armour (worn)
 h - a +2 hat (worn)
 C - a +1 pair of gloves (worn)
Jewellery
 y - a +5 ring of evasion
 E - a +6 ring of dexterity
Wands
 r - a wand of charming (9)
 z - a wand of iceblast (9)
Scrolls
 c - a scroll of blinking
 e - 2 scrolls of fear
 i - 2 scrolls of teleportation
 k - a scroll of amnesia {unknown}
 m - 3 scrolls of noise
 s - 2 scrolls of enchant armour
 D - a scroll of silence
 F - a scroll of immolation
 G - 2 scrolls of poison
 H - a scroll of fog {unknown}
Potions
 f - 4 potions of enlightenment
 g - 2 potions of cancellation
 j - a potion of experience
 o - 2 potions of attraction
 t - 4 potions of heal wounds
 u - 2 potions of brilliance
 v - a potion of resistance
 w - 2 potions of curing
 x - a potion of mutation
Miscellaneous
 p - a phial of floods


   Skills:
 + Level 13.9 Fighting
 - Level 1.7 Long Blades
 - Level 0.7 Throwing
 - Level 1.0 Armour
 - Level 2.1 Dodging
 + Level 9.6 Spellcasting
 + Level 9.6 Conjurations
 + Level 9.6 Hexes
 + Level 9.6 Summonings
 + Level 9.6 Necromancy
 + Level 9.6 Translocations
 + Level 9.6 Fire Magic
 + Level 9.6 Ice Magic
 + Level 9.6 Air Magic
 + Level 9.6 Earth Magic
 + Level 9.6 Alchemy


You knew the following spells:

 Your Spells              Type           Power      Damage    Failure   Level
a - Blink                 Tloc           86%        N/A       1%          2
b - Lesser Beckoning      Tloc           86%        N/A       1%          2
c - Teleport Other        Tloc           43%        N/A       1%          3
d - Manifold Assault      Tloc           43%        N/A       1%          4
e - Vhi's Electric Charg  Tloc/Air       86%        N/A       1%          4
f - Slow                  Hex            100%       N/A       1%          1
g - Jinxbite              Hex            86%        N/A       1%          2
h - Volatile Blastmotes   Fire/Tloc      86%        2d17      1%          3
i - Anguish               Hex/Necr       21%        N/A       1%          4
j - Martyr's Knell        Necr/Summ      43%        N/A       1%          4
Your spell library was empty.

Dungeon Overview and Level Annotations

Branches:
Dungeon (9/15)             Temple (0/1) D:4          Bailey (visited)
   Lair: D:8-11         Orc: D:9-12

Altars:
Dithmenos
Gozag
Ru
Trog
Uskayaw

Annotations:
D:2 1 runed translucent door, Crazy Yiuf
D:3 3 runed translucent doors, Dittersdorf's ghost, amateur GrFi
D:4 3 runed translucent doors, ninjaread99's ghost, amateur DrCj


Innate Abilities, Weirdness & Mutations

You are immune to sickness and miasma.
You are immune to poison.
Your flesh is very heat resistant. (rF++)
You are vulnerable to cold. (rC-)
You float through the air rather than walking.
You learn spells naturally, not from books.
Your magical power is your life essence.
You have superior vitality. (+4 MHP)


Message History

You are knocked back by the blast.
Casting: Volatile Blastmotes (safe; 1% risk of failure)
Confirm with . or Enter, or press ? or * to list all spells.
A cloud of volatile blastmotes flares up around you!
Run!
The hornet stings you.
Your magical contamination has completely faded away.
The cloud of blastmotes explodes!
The concussive blast engulfs the hornet.
The hornet is almost dead.
The concussive blast engulfs you! You resist.
* * * LOW HITPOINT WARNING * * *
You are knocked back by the blast.
Casting: Volatile Blastmotes (safe; 1% risk of failure)
Confirm with . or Enter, or press ? or * to list all spells.
A cloud of volatile blastmotes flares up around you!
Run!
* * * LOW HITPOINT WARNING * * *
The hornet stings you but does no damage.
The cloud of blastmotes explodes!
The concussive blast engulfs the hornet!
You kill the hornet!
The concussive blast engulfs you! You resist.
* * * LOW HITPOINT WARNING * * *
You are knocked back by the blast.
Uskayaw will force your foes to helplessly watch your dance.
An unseen horror simulacrum comes into view.
An unseen horror simulacrum is nearby!
An unseen horror simulacrum is nearby!
An unseen horror simulacrum is nearby!
Uskayaw prepares the audience for your solo!
Casting: Volatile Blastmotes (safe; 1% risk of failure)
Confirm with . or Enter, or press ? or * to list all spells.
A cloud of volatile blastmotes flares up around you!
Run!
* * * LOW HITPOINT WARNING * * *
The unseen horror simulacrum is no longer paralysed.
The unseen horror simulacrum hits you but does no damage.
The unseen horror simulacrum hits you.
* * * LOW HITPOINT WARNING * * *
The unseen horror simulacrum freezes you!!
You feel a terrible chill!
You die...

#....#.##..#....#
#....#...).#.##.##
#....#...........#
#....#...........#
.....#####.......#
.....#####.§#.#§.#
..##.#.....§§§§..#
..##.#......#§#..##
.....'.......§.Z@.#
.....###..........#
####'###...#.##.).#
.......#...#.##..##
.......#...#....##
......####.#....#
####..####.####.# #
####≈≈..~~≈#.# #
#~~...~≈#.#


You could see an unseen horror simulacrum.

Vanquished Creatures
  A troll (D:9)
  A hornet (D:9)
  Grinder (D:6)
  3 polar bears (D:9)
  A vampire (D:9)
  An unseen horror simulacrum (D:9)
  2 steam dragons
  Menkaure (D:6)
  A water moccasin (D:5)
  Duvessa (D:6)
  7 orc warriors
  5 ice beasts
  2 black bears
  6 wolves
  An ogre (D:6)
  A centaur (D:9)
  2 phantoms
  10 kobold brigands
  5 scorpions
  8 wights (D:8)
  A gnoll sergeant (D:8)
  Dowan (D:6)
  3 killer bees (D:9)
  7 howler monkeys
  2 jellies
  A bombardier beetle (D:4)
  3 sleepcaps
  3 hounds
  3 orc priests
  3 gnoll boudas
  Natasha (D:2)
  6 orc wizards
  Robin (D:1)
  8 adders
  21 gnolls
  2 shadow imps
  5 white imps (D:9)
  3 ufetubi
  2 dart slugs
  3 ribbon worms
  23 orcs
  14 endoplasms
  9 giant cockroaches
  26 goblins
  13 hobgoblins
  34 kobolds
  3 quokkas
  8 ball pythons
  13 bats
  3 frilled lizards
  6 rats
291 creatures vanquished.

Vanquished Creatures (others)
  2 kobolds (D:9)
2 creatures vanquished.

Grand Total: 293 creatures vanquished

Notes
Turn   | Place    | Note
-------+----------+-------------------------------------------
     0 | D:1      | cforsyth the Djinni Warper began the quest for the Orb.
     0 | D:1      | cforsyth set off with the following spells memorised:
                  | Blink, Lesser Beckoning, Teleport Other, Manifold Assault,
                  | Vhi's Electric Charge.
     0 | D:1      | Reached XP level 1. HP: 18/18 MP: 0/0
   172 | D:1      | Reached XP level 2. HP: 23/23 MP: 0/0
   604 | D:1      | Found a faded altar of an unknown god.
   645 | D:1      | Prayed at the altar of an unknown god.
   645 | D:1      | Became a worshipper of Uskayaw the Reveller
   645 | D:1      | Reached * piety under Uskayaw
   689 | D:1      | Reached XP level 3. HP: 29/29 MP: 0/0
   689 | D:1      | Learned a level 1 spell: Slow
  1075 | D:2      | Reached ** piety under Uskayaw
  1375 | D:2      | Found a runed translucent door.
  1376 | D:2      | Noticed Crazy Yiuf
  1416 | D:2      | Reached skill level 3 in Fighting
  1583 | D:2      | Reached XP level 4. HP: 34/35 MP: 0/0
  1596 | D:2      | Noticed Robin
  2230 | D:1      | Killed Robin
  2788 | D:2      | Noticed Natasha
  2800 | D:2      | Killed Natasha
  2801 | D:2      | Reached XP level 5. HP: 33/41 MP: 0/0
  2801 | D:2      | Learned a level 2 spell: Jinxbite
  3266 | D:3      | Found a sacrificial altar of Ru.
  3364 | D:3      | Found a shadowy altar of Dithmenos.
  3540 | D:3      | Found a runed translucent gate.
  3540 | D:3      | Found a runed translucent gate.
  3541 | D:3      | Found a runed translucent gate.
  3549 | D:3      | Noticed Dittersdorf's ghost (amateur GrFi)
  3700 | D:3      | Found a bloodstained altar of Trog.
  3756 | D:3      | Reached skill level 4 in Fighting
  4322 | D:4      | Noticed a phantom
  4376 | D:4      | Found a runed translucent gate.
  4377 | D:4      | Found a runed translucent gate.
  4377 | D:4      | Noticed ninjaread99's ghost (amateur DrCj)
  4393 | D:4      | Found a runed translucent gate.
  4433 | D:4      | Killed a phantom
  4433 | D:4      | Reached *** piety under Uskayaw
  4434 | D:4      | Reached XP level 6. HP: 35/48 MP: 0/0
  4565 | D:5      | Entered Level 5 of the Dungeon
  4852 | D:5      | Noticed a water moccasin
  4945 | D:5      | Reached skill level 5 in Fighting
  5081 | D:5      | Reached XP level 7. HP: 48/54 MP: 0/0
  5081 | D:5      | Learned a level 3 spell: Volatile Blastmotes
  5550 | D:4      | Found a staircase to the Ecumenical Temple.
  5993 | D:5      | Killed a water moccasin
  5994 | D:5      | Reached skill level 5 in Spellcasting
  5994 | D:5      | Reached skill level 5 in Conjurations
  5994 | D:5      | Reached skill level 5 in Hexes
  5994 | D:5      | Reached skill level 5 in Summonings
  5994 | D:5      | Reached skill level 5 in Necromancy
  5994 | D:5      | Reached skill level 5 in Translocations
  5994 | D:5      | Reached skill level 5 in Fire Magic
  5994 | D:5      | Reached skill level 5 in Ice Magic
  5994 | D:5      | Reached skill level 5 in Air Magic
  5994 | D:5      | Reached skill level 5 in Earth Magic
  5994 | D:5      | Reached skill level 5 in Alchemy
  6102 | D:5      | Reached skill level 6 in Fighting
  6799 | D:6      | Noticed Menkaure
  6802 | D:6      | Reached XP level 8. HP: 55/61 MP: 0/0
  6805 | D:6      | Killed Menkaure
  6961 | D:6      | Noticed Grinder
  7197 | D:6      | Reached **** piety under Uskayaw
  7198 | D:6      | Reached skill level 7 in Fighting
  7361 | D:6      | Found a hide-covered altar of Uskayaw.
  7427 | D:6      | Paralysed by Grinder for 2 turns
  7432 | D:6      | Killed Grinder
  7433 | D:6      | Reached XP level 9. HP: 26/70 MP: 0/0
  7433 | D:6      | Learned a level 4 spell: Anguish
  7590 | D:6      | Found an opulent altar of Gozag.
  7790 | D:6      | Noticed Dowan
  7803 | D:6      | Noticed Duvessa
  7819 | D:6      | Killed Duvessa
  7819 | D:6      | Killed Dowan
  7820 | D:6      | Reached skill level 8 in Fighting
  8804 | D:7      | Reached skill level 9 in Fighting
  8822 | D:7      | Identified the +8 dagger of Logunong {flame, *Corrode rPois
                  | rF- Int+7}
  9018 | D:7      | Identified the +6 sling of Upheaval {flame, Str-2 Dex+4}
  9842 | D:7      | Reached XP level 10. HP: 76/79 MP: 0/0
 10392 | D:8      | Reached skill level 10 in Fighting
 10517 | D:8      | Found a flagged portal.
 10525 | Bailey   | Entered a bailey
 11005 | Bailey   | Reached skill level 11 in Fighting
 11140 | Bailey   | Found a bloodstained altar of Trog.
 12307 | D:8      | HP: 2/83 [wolf (5)]
 14360 | D:9      | Reached skill level 12 in Fighting
 14380 | D:9      | Reached XP level 11. HP: 59/90 MP: 0/0
 14380 | D:9      | Learned a level 4 spell: Martyr's Knell
 15161 | D:9      | Reached skill level 13 in Fighting
 16298 | D:9      | Mangled by an unseen horror simulacrum

Illustrated notes

Levels and vault maps discovered:
D:1:      wheals_arrival_linesprint, layout_loops_ring,
          nicolae_ecumenical_snake_handling
D:2:      layout_loops_ring, uniq_robin, uniq_natasha, uniq_crazy_yiuf_cottage
D:3:      layout_basic, general_overflow_altar, nicolae_overflow_crystal_walls,
          trog_hazing_becter, gammafunk_ghost_necromancy
D:4:      layout_gridville, lemuel_temple_firewalk_b, gammafunk_ghost_split
D:5:      layout_basic, skrybe_limestone_x
D:6:      layout_loops_ring, mainiacjoe_overflow_big_doors, uniq_grinder,
          uniq_menkaure, uniq_duvessa
D:7:      old_forge, layout_basic
D:8:      layout_loops_corners, enter_bailey_5
D:9:      layout_stronghold, serial_ice, serial_ice_b, serial_ice_g,
          serial_ice_m, serial_ice_c, serial_ice_h, serial_ice_k, serial_ice_e,
          serial_ice_o, serial_ice_f, serial_ice_n, hangedman_glass_teeth

Skill      XL: |  1  2  3  4  5  6  7  8  9 10 11 |
---------------+----------------------------------+-----
Spellcasting   | 3 4 5 6 7 9 |  9.6
Conjurations   | 3 4 5 6 7 9 |  9.6
Hexes          | 3 4 5 6 7 9 |  9.6
Summonings     | 3 4 5 6 7 9 |  9.6
Necromancy     | 3 4 5 6 7 9 |  9.6
Translocations | 3 4 5 6 7 9 |  9.6
Fire Magic     | 3 4 5 6 7 9 |  9.6
Ice Magic      | 3 4 5 6 7 9 |  9.6
Air Magic      | 3 4 5 6 7 9 |  9.6
Earth Magic    | 3 4 5 6 7 9 |  9.6
Alchemy        | 3 4 5 6 7 9 |  9.6
Fighting       | 3 4 5 6 7 9 12 13 | 13.9
Long Blades    | |  1.7
Throwing       | |  0.7
Armour         | |  1.0
Dodging        | |  2.1

Action                     |  1- 3 |  4- 6 |  7- 9 | 10-12 || total
---------------------------+-------+-------+-------+-------++-------
  Melee: Falchion          |   183 |    30 |       |       ||   213
         Punch             |     2 |     1 |     5 |     1 ||     9
         Dagger            |       |   226 |   115 |   107 ||   448
  Throw: Dart              |       |       |     1 |       ||     1
   Cast: Volatile Blastmot |       |       |    86 |   167 ||   253
         Slow              |       |       |     3 |       ||     3
         Blink             |       |       |     1 |     1 ||     2
         Vhi's Electric Ch |       |       |     1 |       ||     1
         Manifold Assault  |       |       |       |    19 ||    19
         Martyr's Knell    |       |       |       |     3 ||     3
         Lesser Beckoning  |       |       |       |     1 ||     1
    Use: Scroll            |       |       |     2 |    20 ||    22
   Stab: Paralysed         |       |       |     2 |     1 ||     3
         Distracted        |       |       |       |     1 ||     1
 Armour: Leather armour    |   111 |   183 |   115 |   168 ||   577
  Dodge: Dodged            |   127 |   176 |    99 |   150 ||   552

Table legend: (Time is in decaauts)
 A = Elapsed time spent in this place.
 B = Non-inter-level travel time spent in this place.
 C = Inter-level travel time spent in this place.
 D = Time resting spent in this place.
 E = Time spent auto-exploring this place.
 F = Levels seen in this place.
 G = Mean time per level.
                   A        B        C        D        E       F      G
               +--------+--------+--------+--------+--------+-----+--------+
         Total |  16341 |  15896 |    445 |   3006 |   9570 |  10 | 1634.1 |
       Dungeon |  15677 |  15232 |    445 |   2720 |   9373 |   9 | 1741.9 |
        Bailey |    663 |    663 |      0 |    286 |    197 |   1 |  663.0 |
               +--------+--------+--------+--------+--------+-----+--------+

Top non-repeatable levels by time:
     D:8: 3247 daAuts
     D:7: 2027 daAuts
     D:9: 1980 daAuts
     D:1: 1847 daAuts
     D:5: 1524 daAuts
     D:6: 1462 daAuts
     D:2: 1212 daAuts
     D:3: 1205 daAuts
     D:4: 1168 daAuts
  Bailey: 663 daAuts
